 Dungeon Crawl Stone Soup version 0.28.0-45-g0d030f2227 (webtiles) character file.

Game seed: 1227894871459384353

28 Descartes the Ruffian (level 3, 0/33 HPs)
             Began as a Troll Warper on Apr 5, 2022.
             Slain by a gnoll
             ... wielding a +0 spear
              (3 damage)
             ... on level 2 of the Dungeon.
             The game lasted 00:01:07 (854 turns).

Descartes the Ruffian (Troll Warper)                 Turns: 854, Time: 00:01:08

Health: 0/33       AC:  4    Str: 19    XL:     3   Next: 0%
Magic:  3/3        EV:  5    Int: 11    God:
Gold:   47         SH:  0    Dex:  9    Spells: 4/4 levels left

rFire   . . .      SeeInvis .     - Unarmed
rCold   . . .      Faith    .   (no shield)
rNeg    . . .      Spirit   .   a - +0 robe
rPois   .          Reflect  .   (helmet restricted)
rElec   .          Harm     .   (no cloak)
rCorr   .          Rampage  .   (gloves unavailable)
Will    .....                   (boots unavailable)
Stlth   +.........              (no amulet)
HPRegen 0.91/turn               (no ring)
MPRegen 0.08/turn               (no ring)

@: held
A: large, unfitting armour, claws 3, regeneration 1, shaggy fur 1, tough skin 1
a: no special abilities


You were on level 2 of the Dungeon.
You visited 1 branch of the dungeon, and saw 2 of its levels.

You collected 47 gold pieces.

Inventory:

Missiles
 c - 5 boomerangs of dispersal (quivered)
 f - 38 stones
Armour
 a - a +0 robe (worn)
Scrolls
 b - a scroll of blinking
 e - a scroll of fog {unknown}
 g - 2 scrolls of identify {unknown}
Potions
 d - 2 potions of curing {unknown}


   Skills:
 - Level 1.5 Fighting
 - Level 0.8 Throwing
 + Level 2.3 Dodging
 + Level 2.5 Unarmed Combat
 - Level 1.2 Spellcasting
 + Level 2.5 Translocations


You had 4 spell levels left.
You didn't know any spells.
Your spell library contained the following spells:

 Spells                   Type           Power      Damage    Failure   Level
 Blink                    Tloc           12%        N/A       17%         2
 Gell's Gravitas          Tloc           6%         N/A       34%         3
 Lesser Beckoning         Tloc           6%         N/A       34%         3
 Teleport Other           Tloc           6%         N/A       34%         3
 Manifold Assault         Tloc           6%         N/A       97%         5


Dungeon Overview and Level Annotations

Branches:
Dungeon (2/15)

Altars:


Innate Abilities, Weirdness & Mutations

You are too large for most types of armour.
You have claws for hands.
Your natural rate of healing is unusually fast.
You are covered in fur. (AC +1)
You have tough skin. (AC +1)


Message History

You have reached level 3!
Your experience leads to an increase in your attributes!
Increase (S)trength, (I)ntelligence, or (D)exterity?
You feel clever. x2; You feel stronger. The gnoll hits you with a +0 spear.
The gnoll barely misses you. The gnoll hits you with a +0 flail!
You see here a +0 flail.
You barely miss the gnoll. The gnoll hits you with a +0 spear!
The gnoll closely misses you. The gnoll barely misses you.
You are too injured to fight recklessly!
You are too injured to fight recklessly!
You are too injured to fight recklessly!
You are too injured to fight recklessly!
You are too injured to fight recklessly!
You are too injured to fight recklessly!
You are too injured to fight recklessly!
You are too injured to fight recklessly!
You are too injured to fight recklessly!
You are too injured to fight recklessly!
You are too injured to fight recklessly!
You are too injured to fight recklessly!
You are too injured to fight recklessly!
You are too injured to fight recklessly!
You are too injured to fight recklessly!
You are too injured to fight recklessly!
You are too injured to fight recklessly!
You barely miss the gnoll. The gnoll hits you with a +0 spear.
The gnoll hits you with a +0 flail. The gnoll closely misses you.
You barely miss the gnoll. The gnoll hits you with a +0 spear.
The gnoll hits you with a +0 flail!
* * * LOW HITPOINT WARNING * * *
The gnoll barely misses you.
The gnoll hits you from afar with a +0 spear.
* * * LOW HITPOINT WARNING * * *
The gnoll throws a throwing net.
The throwing net hits you.
You become entangled in the net!
You see here a throwing net.
You struggle against the net.
The gnoll hits you from afar with a +0 spear.
You die...

#. ....
.##.#####...###
...............
........>....
.$.>......
#...... #.gg.#
#.g## #@..#
###..## #...##
#....# ##...##
##...## ##...##
#.....# #....##
..#


You could see 3 gnolls.

Vanquished Creatures
  A gnoll (D:2)
  A bat (D:1)
  An endoplasm (D:1)
  A hobgoblin (D:1)
  2 jackals (D:1)
  2 quokkas (D:1)
  A ball python (D:1)
  A frilled lizard (D:1)
  2 goblins (D:1)
  6 kobolds (D:1)
  A rat (D:1)
19 creatures vanquished.

Notes
Turn   | Place    | Note
-------+----------+-------------------------------------------
     0 | D:1      | Descartes the Troll Warper began the quest for the Orb.
     0 | D:1      | Reached XP level 1. HP: 19/19 MP: 1/1
   256 | D:1      | Reached XP level 2. HP: 12/27 MP: 2/2
   849 | D:2      | Reached XP level 3. HP: 33/33 MP: 3/3
   854 | D:2      | Slain by a gnoll

Illustrated notes

Levels and vault maps discovered:
D:1:      dpeg_arrival_fog, layout_basic
D:2:      layout_loops_cross, minmay_misc_feat_four_crosses,
          nicolae_figureground_pulse

Skill      XL: |  1 |
---------------+----+-----
Dodging        | 2 |  2.3
Fighting       | |  1.5
Throwing       | |  0.8
Unarmed Combat | |  2.5
Spellcasting   | |  1.2
Translocations | |  2.5

Action                   || total
-------------------------++-------
Melee: Unarmed           ||    52
Armor: Robe              ||    20
Dodge: Dodged            ||    27
